 Dungeon Crawl Stone Soup version 0.31-a0-188-g5e087ee2ca (webtiles) character file.

Game seed: 13580206936898294438

33 qw the Shooter (level 3, -2/20 HPs)
             Began as a Deep Elf Hunter on June 22, 2023.
             Slain by an adder (3 damage)
             ... on level 2 of the Dungeon.
             The game lasted 00:00:13 (688 turns).

qw the Shooter (Deep Elf Hunter)                     Turns: 688, Time: 00:00:13

Health: -2/20      AC:  3    Str: 10    XL:     3   Next: 12%
Magic:  5/5        EV: 12    Int: 13    God:
Gold:   41         SH:  0    Dex: 18    Spells: 2/2 levels left

rFire   . . .        Y - +0 shortbow
rCold   . . .        (shield currently unavailable)
rNeg    . . .        c - +0 leather armour
rPois   .            (no helmet)
rElec   .            (no cloak)
rCorr   .            (no gloves)
SInv    .            (no boots)
Will    .....        (no amulet)
Stlth   ++           (no ring)
HPRegen 0.23/turn    (no ring)
MPRegen 0.09/turn

%: no passive effects
@: lethally poisoned (-2 -> -3)
A: no striking features
a: no special abilities


You were on level 2 of the Dungeon.
You visited 1 branch of the dungeon, and saw 2 of its levels.

You collected 41 gold pieces.


   Skills:
 - Level 1.5 Fighting
 + Level 6.7 Ranged Weapons
 - Level 2.4 Dodging
 - Level 1.2 Stealth


You had 2 spell levels left.
You didn't know any spells.
Your spell library was empty.

Inventory:

Hand Weapons
 Y - a +0 shortbow (weapon)
Armour
 c - a +0 leather armour (worn)
Scrolls
 a - a scroll of teleportation {unknown}
Potions
 d - a potion of resistance {unknown}
 f - a potion of cancellation {unknown}

Dungeon Overview and Level Annotations

Branches:
Dungeon (2/15)

Altars:


Message History

You shoot an arrow. The arrow hits the orc.
The orc is almost dead.
You shoot an arrow. The arrow hits the orc!
You kill the orc!
You shoot an arrow.
The arrow hits the orc but does no damage.
The orc throws a boomerang.
The boomerang barely misses you.
You shoot an arrow. The arrow closely misses the orc.
An orc comes into view. It is wielding a +0 trident.
The orc throws a boomerang.
The boomerang misses you.
681 ||| Stepping ~*~*~tactically~*~*~ (outnumbered).
You shoot an arrow. The orc shouts!
The arrow hits the orc but does no damage.
You hear a shout!
An adder comes into view.
You shoot an arrow. The adder hisses angrily.
The arrow hits the orc but does no damage.
The orc hits you with a +0 hand axe.
You shoot an arrow. The arrow closely misses the adder.
The adder closely misses you.
The orc hits you from afar with a +0 trident.
A rat comes into view.
The orc hits you with a +0 hand axe.
You shoot an arrow. The arrow misses the adder.
The adder bites you.
You are poisoned.
The adder poisons you!
The orc hits you from afar with a +0 trident.
The orc barely misses you. The adder misses you.
You shoot an arrow. The arrow hits the adder.
The adder is moderately wounded.
You feel sick. The adder bites you. The orc barely misses you.
The orc completely misses you.
You shoot an arrow. The arrow hits the adder.
The adder is heavily wounded.
You feel sick. The adder bites you. The orc closely misses you.
The orc completely misses you. The adder bites you.
You die...

#.....#####..####..
#...........## #
#.........###
#.........#
#.........##### .
#.............# ...
##..##..##.##.#....
#... ##..#.o#......
##.. ##..#@.o)r...
. ##..S.......
###..####.. ....
..##. ..## ## ..
..#


You could see an adder, 2 orcs and a rat.

Vanquished Creatures
  An adder (D:2)
  An orc (D:2)
  2 bats (D:1)
  An endoplasm (D:1)
  A giant cockroach (D:1)
  4 goblins
  3 hobgoblins (D:1)
  3 ball pythons
  2 frilled lizards (D:1)
  2 kobolds (D:1)
  A rat (D:1)
21 creatures vanquished.

Notes
Turn   | Place    | Note
-------+----------+-------------------------------------------
     0 | D:1      | qw the Deep Elf Hunter began the quest for the Orb.
     0 | D:1      | Reached XP level 1. HP: 12/12 MP: 3/3
     0 | D:1      | 0 ||| qw: Version: 0.3-a-9-g12657ce
     0 | D:1      | 0 ||| qw: Game counter: 2781
     0 | D:1      | 0 ||| qw: Always use a shield: true
     0 | D:1      | 0 ||| qw: God list: Okawaru
     0 | D:1      | 0 ||| qw: Allow faded altars: false
     0 | D:1      | 0 ||| qw: Do Orc after D:15 true
     0 | D:1      | 0 ||| qw: Do second Lair branch before Depths: true
     0 | D:1      | 0 ||| qw: Lair rune preference: random
     0 | D:1      | 0 ||| qw: Plans: Normal
     0 | D:1      | 0 ||| PLANNING D:1-11
   181 | D:1      | Reached XP level 2. HP: 16/16 MP: 4/4
   188 | D:1      | Reached skill level 6 in Ranged Weapons
   572 | D:1      | 572 ||| READING scroll labelled QOTSED JOGUNE.
   602 | D:1      | 602 ||| DROPPING scroll of butterflies.
   657 | D:2      | Reached XP level 3. HP: 20/20 MP: 5/5
   681 | D:2      | 681 ||| Stepping ~*~*~tactically~*~*~ (outnumbered).
   687 | D:2      | HP: 4/20 [poisoned by an adder]
   688 | D:2      | HP: 1/20 [adder (2)]
   688 | D:2      | Slain by an adder

Levels and vault maps discovered:
D:1:      dpeg_arrival_line_fractal, layout_basic, nicolae_the_louvre
D:2:      layout_rooms, basic_altar, nicolae_half_adder, uniq_jessica

Skill      XL: |  1  2 |
---------------+-------+-----
Ranged Weapons | 6 |  6.7
Fighting       | |  1.5
Dodging        | |  2.4
Stealth        | |  1.2

Action                     || total
---------------------------++-------
   Fire: Shortbow          ||    61
    Use: Scroll            ||     1
 Armour: Leather armour    ||     6
  Dodge: Dodged            ||    14

Table legend:
 A = Non-vault XP
 B = Vault XP
 C = Vault XP percentage of total XP
 D = Non-vault monster count
 E = Vault monster count
 F = Vault count percentage of total count
                 A         B        C        D         E       F
            +---------+---------+-------+---------+---------+-------
      Total |      48 |       0 |   0.0 |      21 |       0 |   0.0
            +---------+---------+-------+---------+---------+-------
        D:1 |      28 |       0 |   0.0 |      17 |       0 |   0.0
        D:2 |      20 |       0 |   0.0 |       4 |       0 |   0.0
            +---------+---------+-------+---------+---------+-------
